NCAA
KENTUCKY WILDCATS @ MARYLAND TERRAPINS
04/19/2025
 
TOP OF THE 1ST
Kentucky Wildcats batting - Pitching for Maryland Terrapins : LHP Cy Rowland
Pitching: LHP Cy Rowland
Batting: SHB Lonnie Washington 0-0: Foul Ball, location: 2F
0-1: Fly out, F4 (Popup, 4MD)
Batting: RHB Bob Zambrano 0-0: Ground out 5-3 (Groundball, 56)
Batting: RHB Phil McJannett 0-0: Called Strike
0-1: Swinging Strike
0-2: Strikes out looking
Top of the 1st over - 0 run(s), 0 hit(s), 0 error(s), 0 left on base; Kentucky 0 - Maryland 0
BOTTOM OF THE 1ST
Maryland Terrapins batting - Pitching for Kentucky Wildcats : RHP Mike Marks
Pitching: RHP Mike Marks
Batting: RHB Pedro Echevarría 0-0: Called Strike
0-1: Ground out 6-3 (Groundball, 6)
Batting: RHB Bill Smith 0-0: Ball
1-0: Ball
2-0: Swinging Strike
2-1: Foul Ball, location: 2F
2-2: Strikes out swinging
Batting: SHB Frank Johnston 0-0: Ball
1-0: Called Strike
1-1: Swinging Strike
1-2: Foul Ball, location: 2F
1-2: Foul Ball, location: 2F
1-2: Strikes out swinging
Bottom of the 1st over - 0 run(s), 0 hit(s), 0 error(s), 0 left on base; Kentucky 0 - Maryland 0
TOP OF THE 2ND
Kentucky Wildcats batting - Pitching for Maryland Terrapins : LHP Cy Rowland
Batting: LHB John Hudson 0-0: Called Strike
0-1: Ground out U3 (Groundball, 3)
Batting: RHB Chris Rice 0-0: Foul Ball, location: 2F
0-1: Foul Ball, location: 2F
0-2: Ball
1-2: Strikes out swinging
Batting: RHB Julius Farmer 0-0: Foul Ball, location: 2F
0-1: Ball
1-1: Swinging Strike
1-2: Strikes out swinging
Top of the 2nd over - 0 run(s), 0 hit(s), 0 error(s), 0 left on base; Kentucky 0 - Maryland 0
BOTTOM OF THE 2ND
Maryland Terrapins batting - Pitching for Kentucky Wildcats : RHP Mike Marks
Batting: SHB Tom Johnson 0-0: Called Strike
0-1: Swinging Strike
0-2: Fly out, F3 (Line Drive, 3)
Batting: RHB Glenn Carroll 0-0: Ball
1-0: Ball
2-0: Ball
3-0: Base on Balls
Batting: RHB Jesús López 0-0: Called Strike
0-1: Ball
1-1: Ball
2-1: Foul Ball, location: 2F
2-2: Ball
3-2: Strikes out swinging
Batting: RHB Tommy Allen 0-0: Foul Ball, location: 2F
0-1: Ball
1-1: Foul Ball, location: 2F
1-2: Reached on error, E5 (Groundball, 5S)
Glenn Carroll to second
Batting: LHB Gary Powers 0-0: Ball
1-0: Foul Ball, location: 2F
1-1: Ball
2-1: Foul Ball, location: 2F
2-2: Strikes out looking
Bottom of the 2nd over - 0 run(s), 0 hit(s), 1 error(s), 2 left on base; Kentucky 0 - Maryland 0
TOP OF THE 3RD
Kentucky Wildcats batting - Pitching for Maryland Terrapins : LHP Cy Rowland
Batting: RHB António Olivares 0-0: Ball
1-0: Ball
2-0: Called Strike
2-1: Swinging Strike
2-2: Strikes out swinging
Batting: RHB Robert Rose 0-0: Foul Ball, location: 2F
0-1: DOUBLE (Flyball, 78XD)
Batting: RHB Francisco Solgato 0-0: Called Strike
0-1: Ball
1-1: Foul Ball, location: 2F
1-2: Fly out, F8 (Line Drive, 8RM)
Batting: SHB Lonnie Washington 0-0: Swinging Strike
0-1: Called Strike
0-2: Strikes out looking
Top of the 3rd over - 0 run(s), 1 hit(s), 0 error(s), 1 left on base; Kentucky 0 - Maryland 0
BOTTOM OF THE 3RD
Maryland Terrapins batting - Pitching for Kentucky Wildcats : RHP Mike Marks
Batting: RHB Jorge Álvarez 0-0: Called Strike
0-1: Ground out 6-3 (Groundball, 6)
Batting: RHB Pedro Echevarría 0-0: Ball
1-0: Ball
2-0: Ball
3-0: Called Strike
3-1: Base on Balls
Batting: RHB Bill Smith 0-0: Ball
1-0: Ball
Pedro Echevarría steals 2nd base
2-0: Ball
3-0: Foul Ball, location: 2F
3-1: Called Strike
3-2: Strikes out swinging
Batting: SHB Frank Johnston 0-0: Ball
1-0: Ball
2-0: Foul Ball, location: 2F
2-1: Swinging Strike
2-2: Ball
3-2: Strikes out swinging
Bottom of the 3rd over - 0 run(s), 0 hit(s), 0 error(s), 1 left on base; Kentucky 0 - Maryland 0
TOP OF THE 4TH
Kentucky Wildcats batting - Pitching for Maryland Terrapins : LHP Cy Rowland
Batting: RHB Bob Zambrano 0-0: Foul Ball, location: 2F
0-1: Ball
1-1: Swinging Strike
1-2: Foul Ball, location: 2F
1-2: Foul Ball, location: 2F
1-2: Foul Ball, location: 2F
1-2: Strikes out looking
Batting: RHB Phil McJannett 0-0: Ball
1-0: Foul Ball, location: 2F
1-1: Ball
2-1: Called Strike
2-2: Ground out 6-3 (Groundball, 6M)
Batting: LHB John Hudson 0-0: Foul Ball, location: 2F
0-1: Ball
1-1: Ball
2-1: SINGLE (Groundball, 34)
Batting: RHB Chris Rice 0-0: Called Strike
0-1: Swinging Strike
0-2: SINGLE (Groundball, 5D)
John Hudson to second
Batting: RHB Julius Farmer 0-0: Fly out, F8 (Flyball, 8LM)
Top of the 4th over - 0 run(s), 2 hit(s), 0 error(s), 2 left on base; Kentucky 0 - Maryland 0
BOTTOM OF THE 4TH
Maryland Terrapins batting - Pitching for Kentucky Wildcats : RHP Mike Marks
Batting: SHB Tom Johnson 0-0: Ball
1-0: Ball
2-0: Ground out 4-3 (Groundball, 4)
Batting: RHB Glenn Carroll 0-0: Ball
1-0: Ball
2-0: Called Strike
2-1: Fly out, F3 (Popup, 3SF)
Batting: RHB Jesús López 0-0: Ball
1-0: SINGLE (Groundball, 56D) (infield hit)
Batting: RHB Tommy Allen 0-0: Swinging Strike
0-1: SINGLE (Line Drive, 4MD)
Jesús López to second
Batting: LHB Gary Powers 0-0: Called Strike
0-1: Foul Ball, location: 2F
0-2: Ball
1-2: Foul Ball, location: 2F
1-2: Strikes out looking
Bottom of the 4th over - 0 run(s), 2 hit(s), 0 error(s), 2 left on base; Kentucky 0 - Maryland 0
TOP OF THE 5TH
Kentucky Wildcats batting - Pitching for Maryland Terrapins : LHP Cy Rowland
Batting: RHB António Olivares 0-0: Ball
1-0: Ground out 4-3 (Groundball, 4)
Batting: RHB Robert Rose 0-0: Foul Ball, location: 2F
0-1: Called Strike
0-2: Ball
1-2: Strikes out swinging
Batting: RHB Francisco Solgato 0-0: Ground out 6-3 (Groundball, 6)
Top of the 5th over - 0 run(s), 0 hit(s), 0 error(s), 0 left on base; Kentucky 0 - Maryland 0
BOTTOM OF THE 5TH
Maryland Terrapins batting - Pitching for Kentucky Wildcats : RHP Mike Marks
Batting: RHB Jorge Álvarez 0-0: Foul Ball, location: 2F
0-1: SINGLE (Line Drive, 78S)
Batting: RHB Pedro Echevarría 0-0: Foul Ball, location: 2F
0-1: Ball
1-1: Foul Ball, location: 2F
1-2: DOUBLE (Line Drive, 78M)
Jorge Álvarez to third
Batting: RHB Bill Smith 0-0: Ball
1-0: SINGLE (Groundball, 5D)
Jorge Álvarez scores
Pedro Echevarría to third
Batting: SHB Frank Johnston 0-0: Ground out U3 (Groundball, 3S)
Pedro Echevarría scores
Bill Smith to second
Batting: SHB Tom Johnson 0-0: Intentional Walk
Pitching: RHP Don McIntyre
Batting: RHB Glenn Carroll 0-0: Ball
1-0: Ball
2-0: Ball
3-0: Called Strike
3-1: Base on Balls
Bill Smith to third
Tom Johnson to second
Batting: RHB Jesús López 0-0: Ball
1-0: Foul Ball, location: 2F
1-1: Called Strike
1-2: Ball
2-2: Ball
3-2: Grounds into double play, U6-3 (Groundball, 6M)
Bottom of the 5th over - 2 run(s), 3 hit(s), 0 error(s), 2 left on base; Kentucky 0 - Maryland 2
TOP OF THE 6TH
Kentucky Wildcats batting - Pitching for Maryland Terrapins : LHP Cy Rowland
Batting: SHB Lonnie Washington 0-0: Called Strike
0-1: Foul Ball, location: 2F
0-2: Strikes out swinging
Batting: RHB Bob Zambrano 0-0: Ground out 6-3 (Groundball, 6M)
Batting: RHB Phil McJannett 0-0: Ball
1-0: Fly out, F8 (Flyball, 8RD)
Top of the 6th over - 0 run(s), 0 hit(s), 0 error(s), 0 left on base; Kentucky 0 - Maryland 2
BOTTOM OF THE 6TH
Maryland Terrapins batting - Pitching for Kentucky Wildcats : RHP Don McIntyre
Batting: RHB Tommy Allen 0-0: Called Strike
0-1: Foul Ball, location: 2F
0-2: Ball
1-2: Foul Ball, location: 2F
1-2: Ball
2-2: Strikes out swinging
Batting: LHB Gary Powers 0-0: SINGLE (Groundball, 4M)
Batting: RHB Jorge Álvarez 0-0: Called Strike
0-1: SINGLE (Groundball, 56D)
Gary Powers to second
Batting: RHB Pedro Echevarría 0-0: Ball
1-0: Swinging Strike
1-1: Ball
2-1: Ball
3-1: Base on Balls
Gary Powers to third
Jorge Álvarez to second
Batting: RHB Bill Smith 0-0: SINGLE (Groundball, 56D)
Gary Powers scores
Jorge Álvarez to third
Pedro Echevarría to second
Runner from 3rd tries for Home, SAFE, no throw or cutoff
Batting: SHB Frank Johnston 0-0: Ball
1-0: Ball
2-0: Ball
3-0: Called Strike
3-1: Base on Balls
Pedro Echevarría to third
Bill Smith to second
Batting: SHB Tom Johnson 0-0: Called Strike
0-1: Foul Ball, location: 2F
0-2: Ball
1-2: Ball
2-2: Strikes out swinging
Batting: RHB Glenn Carroll 0-0: Ball
1-0: Called Strike
1-1: Foul Ball, location: 2F
1-2: Strikes out swinging
Bottom of the 6th over - 2 run(s), 3 hit(s), 0 error(s), 3 left on base; Kentucky 0 - Maryland 4
TOP OF THE 7TH
Kentucky Wildcats batting - Pitching for Maryland Terrapins : LHP Cy Rowland
Batting: LHB John Hudson 0-0: Ball
1-0: Ball
2-0: Foul Ball, location: 2F
2-1: Ball
3-1: Foul Ball, location: 2F
3-2: Ground out 4-3 (Groundball, 4)
Batting: RHB Chris Rice 0-0: Foul Ball, location: 2F
0-1: Ball
1-1: Called Strike
1-2: SINGLE (Groundball, 34D)
Batting: RHB Julius Farmer 0-0: Ball
1-0: Called Strike
1-1: Ball
2-1: SINGLE (Groundball, 34D)
Chris Rice to second
Runner from 2nd tries for 3rd, SAFE, no throw or cutoff
Batting: RHB António Olivares 0-0: Called Strike
0-1: Fly out, F4 (Popup, 4MD)
Batting: RHB Robert Rose 0-0: Ground out 1-3 (Groundball, 15S)
Top of the 7th over - 0 run(s), 2 hit(s), 0 error(s), 2 left on base; Kentucky 0 - Maryland 4
BOTTOM OF THE 7TH
Maryland Terrapins batting - Pitching for Kentucky Wildcats : RHP Don McIntyre
Batting: RHB Jesús López 0-0: Called Strike
0-1: Ball
1-1: Foul Ball, location: 2F
1-2: Ball
2-2: SINGLE (Groundball, 56) (infield hit)
Batting: RHB Tommy Allen 0-0: Foul Ball, location: 2F
0-1: Ball
1-1: Foul Ball, location: 2F
1-2: Strikes out swinging
Pitching: RHP Pat Forrest
Batting: LHB Gary Powers 0-0: Foul Ball, location: 2F
0-1: Ball
1-1: Called Strike
Jesús López steals 2nd base
1-2: Foul Ball, location: 2F
1-2: Foul Ball, location: 2F
1-2: Ball
2-2: Foul Ball, location: 2F
2-2: Strikes out looking
Batting: RHB Jorge Álvarez 0-0: Ball
1-0: Called Strike
1-1: Swinging Strike
1-2: Strikes out swinging
Bottom of the 7th over - 0 run(s), 1 hit(s), 0 error(s), 1 left on base; Kentucky 0 - Maryland 4
TOP OF THE 8TH
Kentucky Wildcats batting - Pitching for Maryland Terrapins : LHP Cy Rowland
Pitching: RHP Neal Hayes
Batting: RHB Francisco Solgato 0-0: Called Strike
0-1: Ball
1-1: Foul Ball, location: 2F
1-2: Ball
2-2: Ball
3-2: Foul Ball, location: 2F
3-2: Fly out, F8 (Flyball, 89S)
Batting: SHB Lonnie Washington 0-0: Called Strike
0-1: Ball
1-1: Foul Ball, location: 2F
1-2: Foul Ball, location: 2F
1-2: Ball
2-2: Foul Ball, location: 2F
2-2: Ball
3-2: Strikes out swinging
Batting: RHB Bob Zambrano 0-0: Ball
1-0: Called Strike
1-1: Foul Ball, location: 2F
1-2: Ball
2-2: Foul Ball, location: 2F
2-2: SINGLE (Groundball, 6)
Batting: RHB Phil McJannett 0-0: Ball
1-0: Called Strike
1-1: Ball
2-1: Foul Ball, location: 2F
2-2: Fly out, F8 (Flyball, 8RM)
Top of the 8th over - 0 run(s), 1 hit(s), 0 error(s), 1 left on base; Kentucky 0 - Maryland 4
BOTTOM OF THE 8TH
Maryland Terrapins batting - Pitching for Kentucky Wildcats : RHP Pat Forrest
Batting: RHB Pedro Echevarría 0-0: Called Strike
0-1: Ball
1-1: Ball
2-1: Ball
3-1: Fly out, F9 (Flyball, 89M)
Batting: RHB Bill Smith 0-0: Ball
1-0: Swinging Strike
1-1: Foul Ball, location: 2F
1-2: Ball
2-2: Ball
3-2: Base on Balls
Batting: SHB Frank Johnston 0-0: Called Strike
0-1: Ball
1-1: Grounds into double play, 4-6-3 (Groundball, 34)
Bottom of the 8th over - 0 run(s), 0 hit(s), 0 error(s), 0 left on base; Kentucky 0 - Maryland 4
TOP OF THE 9TH
Kentucky Wildcats batting - Pitching for Maryland Terrapins : RHP Neal Hayes
Batting: LHB John Hudson 0-0: Swinging Strike
0-1: Reached on Error, E7 (Line Drive, 7S)
Pitching: RHP Gregory Martínez
Batting: RHB Chris Rice 0-0: Fly out, F9 (Line Drive, 9M)
Batting: RHB Julius Farmer 0-0: Ball
1-0: Foul Ball, location: 2F
1-1: Swinging Strike
1-2: Strikes out swinging
Batting: RHB António Olivares 0-0: Foul Ball, location: 2F
0-1: Ball
1-1: Ball
2-1: Called Strike
2-2: Strikes out looking
Top of the 9th over - 0 run(s), 0 hit(s), 1 error(s), 1 left on base; Kentucky 0 - Maryland 4
This league is powered by Out of the Park Baseball, the baseball management simulation game for PC, Mac and Linux
Tuesday, August 2nd, 2016 - OOTP Baseball 16.8 Build 38